AoeStats
← Ren Majestic

MegaRandom

506442268Analyzed
2v2 RM · 20d ago on Sep 13, 2026· 40m 58s· 4 players
Game mode
Random Map
Map size
Medium (4 player)
Population
200
Speed
Normal
Resources
Standard
Victory
Conquest
Starting age
Dark Age
Ending age
Imperial Age
RankedLock teamsTeams togetherTeam positionsShared explorationLock speedFull tech treeHidden civsTurbo modeCheats
Victory
Defeat
🇺🇸 Muisca · United States
1435
+14
🇪🇸 Tatars · Spain
1392
+15
🇨🇱 Wei · Chile
1384
-15
🇨🇴 Mongols · Colombia
1380
-14
Teuto
8:43 Feudal Age
9:23 Horse Collar
11:05 Double-Bit Axe
14:33 Scale Barding Armor
16:37 Forging
17:49 Padded Archer Armor
23:04 Castle Age
21:07 Fletching
21:25 Gold Mining
23:03 Loom
24:05 Bloodlines
24:37 Bow Saw
24:28 Heavy Plow
27:04 Wheelbarrow
27:01 Ballistics
27:05 Stone Mining
27:12 Bodkin Arrow
28:34 Husbandry
29:27 Leather Archer Armor
32:16 Thumb Ring
37:21 Imperial Age
37:12 Masonry
37:12 Fortified Wall
38:19 Iron Casting
37:06 Light Cavalry
Ren Majestic
7:37 Loom
9:43 Feudal Age
10:19 Double-Bit Axe
10:15 Horse Collar
17:28 Forging
18:23 Gold Mining
19:17 Scale Barding Armor
19:30 Bloodlines
23:55 Castle Age
24:48 Bow Saw
24:40 Heavy Plow
25:03 Stone Mining
27:37 Gold Shaft Mining
27:29 Chain Barding Armor
28:49 Wheelbarrow
28:39 Husbandry
30:06 Iron Casting
Hotel
6:15 Loom
9:18 Feudal Age
10:20 Double-Bit Axe
15:01 Horse Collar
18:38 Fletching
19:51 Padded Archer Armor
25:00 Castle Age
23:24 Gold Mining
25:59 Wheelbarrow
25:09 Town Watch
25:04 Crossbowman
25:05 Elite Skirmisher
25:42 Bodkin Arrow
27:20 Ballistics
28:18 Leather Archer Armor
28:52 Thumb Ring
37:55 Imperial Age
37:58 Bow Saw
38:02 Arbalester
38:43 Bracer
39:45 Chemistry
41:24 Conscription
Husky
9:16 Loom
11:21 Feudal Age
18:18 Castle Age
18:51 Horse Collar
19:35 Double-Bit Axe
21:48 Heavy Plow
22:26 Bloodlines
23:33 Forging
24:30 Wheelbarrow
24:49 Scale Barding Armor
25:49 Husbandry
27:04 Iron Casting
28:15 Chain Barding Armor
29:06 Gold Mining
29:07 Stone Mining
29:28 Bow Saw
34:59 Hand Cart
34:29 Town Watch
34:37 Fletching
35:38 Gold Shaft Mining
37:45 Bodkin Arrow
38:40 Treadmill Crane
39:12 Masonry
39:22 Ballistics
Connection lost

Rejoining the realm…

Still unreachable

The connection could not be restored.

Session expired

The server has moved on; the page needs a fresh start.